 Dungeon Crawl Stone Soup version 0.24.0-13-gcf9b319 (webtiles) character file.

Game seed: 9917617444716928577, levelgen mode: deterministic

172 Balder the Slasher (level 5, 0/41 HPs)
             Began as a Vampire Fighter on Apr 14, 2020.
             Was an Initiate of Makhleb.
             Slain by an orc priest (5 damage)
             ... on level 4 of the Dungeon.
             The game lasted 00:13:33 (1987 turns).

Balder the Slasher (Vampire Fighter)                Turns: 1987, Time: 00:13:34

Health: 0/41       AC:  7    Str: 16    XL:     5   Next: 27%
Magic:  5/5        EV:  7    Int: 11    God:    Makhleb [......]
Gold:   80         SH:  9    Dex: 13    Spells: 4/4 levels left

rFire    . . .     SeeInvis +   a - +0 long sword
rCold    . . .     Gourm    .   c - +0 shield
rNeg     . . .     Faith    .   b - +0 scale mail
rPois    .         Spirit   .   h - +0 helmet (curse)
rElec    .         Reflect  .   (no cloak)
rCorr    .         Harm     .   (no gloves)
MR       .....                  (no boots)
Stlth    +.........             (no amulet)
HPRegen  0.33/turn              (no ring)
MPRegen  0.09/turn              (no ring)

@: regenerating quickly
A: no food, fangs 3, see invisible, unbreathing
a: Exsanguinate, Renounce Religion


You were on level 4 of the Dungeon.
You worshipped Makhleb.
Makhleb was noncommittal.
You were alive.

You visited 1 branch of the dungeon, and saw 4 of its levels.

You collected 80 gold pieces.

Inventory:

Hand Weapons
 a - a +0 long sword (weapon)
 x - a +2 dagger of venom
Missiles
 r - 19 poisoned darts (quivered)
 w - 4 boomerangs
Armour
 b - a +0 scale mail (worn)
 c - a +0 shield (worn)
 h - a cursed +0 helmet (worn)
Scrolls
 e - a scroll of fear {unknown}
 f - 3 scrolls of teleportation {unknown}
 g - 3 scrolls of identify {unknown}
 i - 3 scrolls of immolation {unknown}
 j - a scroll of noise {unknown}
 o - a scroll of blinking {unknown}
 q - 2 scrolls of fog {unknown}
 s - 2 scrolls of remove curse {unknown}
 t - a scroll of amnesia {unknown}
 u - a scroll of enchant weapon {unknown}
Potions
 d - 2 potions of might
 k - a potion of degeneration {unknown}
 l - a potion of heal wounds {unknown}
 m - a potion of haste {unknown}
 n - a potion of agility {unknown}
 p - 2 potions of curing {unknown}
 v - a potion of flight {unknown}
 z - a potion of resistance {unknown}


   Skills:
 * Level 3.3 Fighting
 * Level 3.5 Long Blades
 + Level 2.7 Armour
 * Level 1.4 Dodging
 * Level 2.5 Stealth
 * Level 3.2 Shields
 * Level 0.4 Invocations


You had 4 spell levels left.
You didn't know any spells.
Your spell library was empty.

Dungeon Overview and Level Annotations

Branches:
Dungeon (4/15)
 Temple: D:4-7

Altars:
Makhleb
The Shining One


Innate Abilities, Weirdness & Mutations

You do not eat.
Your natural rate of healing is unusually fast.
You have razor-sharp teeth.
You have supernaturally acute eyesight. (SInv)
You can survive without breathing.


Message History

You barely miss the orc priest.
The orc priest is heavily wounded.
The orc priest invokes the aid of Beogh against you.
Beogh smites you!
* * * LOW HITPOINT WARNING * * *
You hit the orc priest.
The orc priest is heavily wounded.
The orc priest hits you but does no damage.
You closely miss the orc priest. You bite the orc priest.
The orc priest is severely wounded.
You block the orc priest's attack. The orc priest hits you.
* * * LOW HITPOINT WARNING * * *
You hit the orc priest.
The orc priest is severely wounded.
The orc priest hits you.
* * * LOW HITPOINT WARNING * * *
You hit the orc priest but do no damage.
The orc priest is severely wounded.
The orc priest hits you.
You die...

## #. #. #. #.
#. ####.######
#.....@oo.#
#.###.###...#
#.# #.# .#
#.###'###.#
##...'_'...#
#..#######...#
#..# ### ...
#..#######.#
#..........#
#..#


You could see an orc priest and an orc.

Vanquished Creatures
  An orc priest (D:3)
  An orc wizard (D:3)
  4 adders (D:2)
  A worm (D:2)
  A dart slug (D:2)
  2 leopard geckos (D:3)
  7 orcs
  A ball python (D:3)
  6 bats
  2 giant cockroaches (D:1)
  7 goblins
  9 hobgoblins
  8 jackals
  A quokka (D:3)
  2 kobolds
  11 rats
64 creatures vanquished.

Notes
Turn   | Place    | Note
-------+----------+-------------------------------------------
     0 | D:1      | Balder the Vampire Fighter began the quest for the Orb.
     0 | D:1      | Reached XP level 1. HP: 17/17 MP: 1/1
   104 | D:1      | Reached XP level 2. HP: 23/23 MP: 2/2
   247 | D:1      | Reached skill level 1 in Stealth
   677 | D:2      | Reached XP level 3. HP: 18/29 MP: 3/3
   881 | D:2      | Reached skill level 1 in Dodging
  1000 | D:2      | Reached XP level 4. HP: 34/35 MP: 4/4
  1264 | D:3      | Found a burning altar of Makhleb.
  1274 | D:3      | Became a worshipper of Makhleb the Destroyer
  1726 | D:3      | Reached XP level 5. HP: 41/41 MP: 5/5
  1950 | D:4      | Found a glowing golden altar of the Shining One.
  1987 | D:4      | Slain by an orc priest

Levels and vault maps discovered:
D:1:      onia_arrival_larder, layout_rooms, minmay_box_of_dots
D:2:      layout_rooms
D:3:      layout_basic, old_standard_altar
D:4:      layout_loops_ring, hangedman_ru_absence, lemuel_doored_altar,
          first_ration, gup_sewer_entry_spiral, serial_shops,
          kennysheep_mini_moat, minivault_24

Skill      XL: |  1  2  3  4 |
---------------+-------------+-----
Stealth        | 1 2 |  2.5
Fighting       | 3 |  3.3
Dodging        | 1 |  1.4
Shields        | 3 |  3.2
Long Blades    | 3 |  3.5
Armour         | |  2.7
Invocations    | |  0.4

Action                   |  1- 3 |  4- 6 || total
-------------------------+-------+-------++-------
Melee: Long sword        |   123 |   119 ||   242
       Bite              |    11 |    10 ||    21
  Use: Potion            |     1 |       ||     1
Armor: Scale mail        |    52 |    50 ||   102
Dodge: Dodged            |    38 |    37 ||    75
Block: Shield            |    72 |    68 ||   140
       Rpst.: Long sword |    14 |    10 ||    24
